 Dungeon Crawl Stone Soup version 0.19.3-4-gbf9329e (webtiles) character file.

248 Naow the Conjurer (level 5, 0/42 HPs)
             Began as a Deep Elf Conjurer on Jan 26, 2017.
             Slain by a jackal (1 damage)
             ... on level 4 of the Dungeon.
             The game lasted 00:03:48 (3501 turns).

Naow the Conjurer (Deep Elf Conjurer)               Turns: 3501, Time: 00:03:49

Health: 0/42       AC:  2    Str: 10    XL:     5   Next: 86%
Magic:  3/14       EV: 13    Int: 21    God:
Gold:   203        SH:  0    Dex: 15    Spells: 4 memorised, 3 levels left

rFire  . . .     SeeInvis .     t - +0 dagger
rCold  + . .     Gourm    .     a - +0 robe
rNeg   . . .     Faith    .     (no shield)
rPois  .         Spirit   .     (no helmet)
rElec  .         Reflect  .     (no cloak)
rCorr  .         Harm     .     (no gloves)
MR     .....                    (no boots)
Stlth  ..........               (no amulet)
                                (no ring)
                                p - ring of protection from cold

@: berserking, very quick
A: no striking features
a: no special abilities


You were on level 4 of the Dungeon.
You were not hungry.

You visited 2 branches of the dungeon, and saw 5 of its levels.

You collected 203 gold pieces.

Inventory:

Hand Weapons
 t - a +0 dagger (weapon)
Armour
 a - a +0 robe (worn)
Jewellery
 f - an uncursed amulet of faith
 p - a ring of protection from cold (left hand)
 v - an uncursed ring of protection from cold
Scrolls
 e - a scroll of magic mapping {unknown}
 h - 3 scrolls of identify {unknown}
 i - 2 scrolls of remove curse {unknown}
 m - a scroll of enchant armour {unknown}
 n - 2 scrolls of immolation {unknown}
 s - 4 scrolls of random uselessness {unknown}
Potions
 d - a potion of degeneration {unknown}
 j - a potion of might {unknown}
 k - a potion of heal wounds {unknown}
 l - a potion of mutation {unknown}
 o - a potion of berserk rage
 r - 3 potions of cure mutation {unknown}
 w - a potion of curing {unknown}
 x - a potion of lignification {unknown}
Books
 b - a book of Conjurations

   Spells                             Type                      Level
   a - Magic Dart                     Conjuration                  1
   b - Searing Ray                    Conjuration                  2
   c - Dazzling Spray                 Conjuration/Hexes            3
   d - Fulminant Prism                Conjuration/Hexes            4
   e - Iskenderun's Mystic Blast      Conjuration                  4
   f - Iskenderun's Battlesphere      Conjuration/Charms           5
Comestibles
 c - 3 bread rations
 g - 2 slices of pizza
 q - 2 meat rations
 u - a beef jerky
 z - 4 chunks of flesh
 A - 2 fruits


   Skills:
 - Level 2.9 Dodging
 - Level 3.3 Stealth
 + Level 5.4 Spellcasting
 - Level 6.1 Conjurations
 + Level 1.9 Charms


You had 3 spell levels left.
You knew the following spells:

 Your Spells              Type           Power        Failure   Level  Hunger
a - Magic Dart            Conj           ####         1%          1    None
b - Searing Ray           Conj           ####..       1%          2    None
c - Iskenderun's Battles  Conj/Chrm      ###.....     67%         5    #####..
d - Dazzling Spray        Conj/Hex       ###...       12%         3    ##.....


Dungeon Overview and Level Annotations

Branches:
Dungeon (4/15)             Temple (1/1) D:4

Altars:
Ashenzari
Cheibriados
Elyvilon
Fedhas
Kikubaaqudgha
Makhleb
Ru
Uskayaw
Xom
Yredelemnul
Lugonu

Shops:
D:4 (

Annotations:
D:4 Menkaure


Message History

The orc wizard gestures wildly while chanting.
The orc wizard blinks!
A jackal comes into view.
The jackal moves out of view.
The orc wizard mumbles some strange words.
The orc wizard blinks!
The centaur skeleton hits you.
* * * LOW HITPOINT WARNING * * *
The centaur skeleton misses you.
The jackal barks!
You hear a bark!
Menkaure points at you and mumbles some strange words.
Pain shoots through your body!
* * * LOW HITPOINT WARNING * * *
The centaur skeleton hits you.
* * * LOW HITPOINT WARNING * * *
The jackal closely misses you. Menkaure hits you but does no damage.
It was a potion of berserk rage.
A red film seems to cover your vision as you go berserk!
You feel yourself moving faster!
You feel mighty! The jackal bites you.
You die...

#####............###
#......#M.......
##....)_#........
##.......#o.......
#######.................
+.....'.................
#####.#...8.8.8....##...
#...#..ZM......#.##...
#.##..h@..............
#. #.......%......#.# #.
#.#..#####.....#.###+
.....#..##<##a##..#.....
####.#.....# .........
#.#.##..#######......
#.#.##...............
#.......######.#....<
....###### #######'


You could see Menkaure, an orc wizard, a jackal and a centaur skeleton.

Vanquished Creatures
  A crimson imp (D:3)
  Robin (D:3)
  7 gnolls
  3 adders
  2 worms
  A dart slug (D:1)
  2 leopard geckos
  9 orcs
  9 bats
  3 giant cockroaches
  15 goblins
  6 hobgoblins
  5 jackals (D:3)
  12 kobolds
  2 quokkas
  A ball python (D:2)
  7 frilled lizards
  8 rats
94 creatures vanquished.

Notes
Turn   | Place    | Note
-------+----------+-------------------------------------------
     0 | D:1      | Naow the Deep Elf Conjurer began the quest for the Orb.
     0 | D:1      | Reached XP level 1. HP: 10/10 MP: 6/6
   171 | D:1      | Reached XP level 2. HP: 15/15 MP: 4/8
   322 | D:1      | Reached skill level 5 in Conjurations
  1040 | D:2      | Found a faded altar of an unknown god.
  1083 | D:2      | Reached XP level 3. HP: 19/19 MP: 6/9
  1088 | D:2      | Learned a level 2 spell: Searing Ray
  1290 | D:2      | Found a sacrificial altar of Ru.
  1691 | D:2      | Reached XP level 4. HP: 24/24 MP: 9/11
  1788 | D:2      | Found a snail-covered altar of Cheibriados.
  2113 | D:3      | Noticed Robin
  2119 | D:3      | Killed Robin
  2534 | D:3      | Reached skill level 6 in Conjurations
  2534 | D:3      | Reached XP level 5. HP: 28/28 MP: 8/13
  2545 | D:3      | Learned a level 5 spell: Iskenderun's Battlesphere
  2549 | D:3      | Learned a level 3 spell: Dazzling Spray
  2874 | D:3      | Reached skill level 5 in Spellcasting
  2874 | D:3      | Reached skill level 1 in Charms
  3259 | D:4      | Found Gef Xoth's Weapon Boutique.
  3268 | D:4      | Found a staircase to the Ecumenical Temple.
  3287 | Temple   | Entered the Ecumenical Temple
  3442 | D:4      | Found a hide-covered altar of Uskayaw.
  3477 | D:4      | Noticed Menkaure
  3500 | D:4      | HP: 1/28 [centaur skeleton (4)]
  3501 | D:4      | Slain by a jackal

Skill      XL: |  1  2  3  4  5 |
---------------+----------------+-----
Conjurations   | 5 6 |  6.1
Stealth        | 3 |  3.3
Spellcasting   | 4 5 |  5.4
Charms         | 1 |  1.9
Dodging        | |  2.9

Action                   |  1- 3 |  4- 6 || total
-------------------------+-------+-------++-------
Melee: Unarmed           |     1 |       ||     1
       Dagger            |       |     2 ||     2
 Cast: Magic Dart        |    68 |   117 ||   185
       Searing Ray       |     1 |     1 ||     2
  Use: Potion            |       |     1 ||     1
  Eat: Chunk             |     2 |     6 ||     8
Armor: Robe              |     2 |     2 ||     4
Dodge: Dodged            |     4 |    15 ||    19
